 Dungeon Crawl Stone Soup version 0.30.1-11-g7821555f0a (webtiles) character file.

Game seed: 14634248572273535364

913 SacredBeard the Grave Robber (level 7, 0/46 HPs)
             Began as a Demonspawn Necromancer on Nov 5, 2023.
             Succumbed to a gnoll's poison
             ... on level 6 of the Dungeon.
             The game lasted 00:12:03 (4176 turns).

SacredBeard the Grave Robber (DsNe)                 Turns: 4176, Time: 00:12:03

Health: 0/46       AC:  4    Str:  8    XL:     7   Next: 82%
Magic:  13/14      EV: 17    Int: 22    God:
Gold:   169        SH:  0    Dex: 16    Spells: 14/15 levels left

rFire   + . .        s - +1 dagger (drain)
rCold   . . .        (no shield)
rNeg    . . .        c - +1 leather armour
rPois   .            (helmet restricted)
rElec   .            (no cloak)
rCorr   .            (no gloves)
SInv    .            (no boots)
Will    .....        (no amulet)
Stlth   ++           p - +5 ring of evasion
HPRegen 0.27/turn    r - +6 ring of intelligence
MPRegen 0.14/turn

%: no passive effects
@: mighty, lethally poisoned (0 -> -5), hasted, very quick
A: antennae 2, spiny 1, demonic touch 1, fire resistance 1, frail 1
a: no special abilities


You were on level 6 of the Dungeon.
You visited 1 branch of the dungeon, and saw 5 of its levels.

You collected 169 gold pieces.

Inventory:

Hand Weapons
 a - a +0 spear
 s - a +1 dagger of draining (weapon)
Missiles
 d - 65 stones
 k - 8 poisoned darts
 m - 5 atropa-tipped darts
 y - 4 boomerangs
 z - 5 javelins
 A - 2 throwing nets
Armour
 c - a +1 leather armour (worn)
Jewellery
 p - a +5 ring of evasion (left hand)
 r - a +6 ring of intelligence (right hand)
Scrolls
 e - a scroll of torment {unknown}
 f - a scroll of immolation
 g - a scroll of vulnerability {unknown}
 h - a scroll of silence {unknown}
 i - 3 scrolls of noise
 j - 2 scrolls of teleportation
 u - a scroll of enchant armour
 v - a scroll of acquirement {unknown}
 w - a scroll of blinking {unknown}
 B - a scroll of identify {unknown}
Potions
 b - a potion of magic
 n - a potion of might
 q - a potion of brilliance
 t - a potion of degeneration {unknown}
 x - a potion of curing {unknown}


   Skills:
 - Level 3.0 Fighting
 - Level 2.0 Throwing
 - Level 2.0 Armour
 - Level 2.0 Dodging
 - Level 3.0 Stealth
 + Level 4.7 Spellcasting
 + Level 1.3 Summonings
 - Level 7.0 Necromancy


You had 14 spell levels left.
You knew the following spells:

 Your Spells              Type           Power      Damage    Failure   Level
a - Necrotise             Necr           100%       1d9       1%          1

Your spell library contained the following spells:

 Spells                   Type           Power      Damage    Failure   Level
 Vampiric Draining        Necr           35%        2d8       2%          3
 Animate Dead             Necr           35%        N/A       9%          4
 Ensorcelled Hibernation  Hex/Ice        10%        N/A       22%         2
 Agony                    Necr           35%        N/A       22%         5
 Anguish                  Hex/Necr       10%        N/A       34%         4
 Spider Form              Tmut/Pois      5%         N/A       41%         3


Dungeon Overview and Level Annotations

Branches:
Dungeon (6/15) Zot: 25823
 Temple: D:4-7

Altars:
Ashenzari
Dithmenos
Fedhas

Annotations:
D:5 2 transporters, vvlvvlvvl's ghost, novice DsFi


Innate Abilities, Weirdness & Mutations

You have a pair of antennae on your head.
You are partially covered in sharp spines.
Your touch may inflict minor irresistible damage on your foes.
Your flesh is heat resistant. (rF+)
You are frail. (-10% HP)


Message History

The gnoll misses you. The shadow imp gestures at you.
You struggle to resist.
The gnoll bouda barks out a call to the hunt!
The gnoll picks up the pace!
The gnoll hits you from afar with a +2 halberd of venom.
You are lethally poisoned!
You climb downwards.
Your attacks no longer feel as feeble.
* * * LOW HITPOINT WARNING * * *
You feel extremely sick.
There is a stone staircase leading up, spattered with blood here.
There is a lethal amount of poison in your body!
Okay, then.
Okay, then.
As you read the scroll labelled BIBUAWNUHO, it crumbles to dust.
You feel strangely unstable.
It was a scroll of teleportation.
* * * LOW HITPOINT WARNING * * *
You feel very sick.
As you read the scroll labelled OCUANIOJEO, it crumbles to dust.
The air around you briefly surges with heat, but it dissipates.
It was a scroll of immolation.
* * * LOW HITPOINT WARNING * * *
You feel very sick.
As you read the scroll labelled GAUNUW BIULESS, it crumbles to dust.
It is a scroll of enchant armour.
Your +0 leather armour glows green for a moment.
* * * LOW HITPOINT WARNING * * *
You feel very sick.
It was a potion of might.
You feel very mighty all of a sudden.
Your surroundings suddenly seem different.
* * * LOW HITPOINT WARNING * * *
You feel very sick.
It was a potion of mutation.
You feel extremely strange.
You feel frail.
You feel resistant to heat.
* * * LOW HITPOINT WARNING * * *
You feel sick.
It was a potion of haste.
You feel yourself speed up.
You die...

###### #.....
#.#### ###########
####.####
#.......@.#
#....#...
#.#######.#
#.####.## #.# #.#
#.# #.## #.# #.#
#.# #.## #.#
#.#######.####.##
#.#
#................
#.#
########...........
#.#
.................>.
#.#
.#######)##.####.#.


There were no monsters in sight!

Vanquished Creatures
  A sky beast (D:6)
  An ogre (D:6)
  A phantom (D:6)
  2 scorpions (D:6)
  3 killer bees (D:6)
  A howler monkey (D:6)
  A hound (D:5)
  Natasha (thrice) (D:2)
  An orc wizard (D:5)
  A sleepcap (D:3)
  2 gnolls (D:5)
  10 adders
  A worm (D:2)
  2 dart slugs
  12 orcs
  5 ball pythons
  4 endoplasms
  3 giant cockroaches
  12 goblins (D:2)
  4 hobgoblins
  A jackal (D:1)
  2 kobolds
  4 quokkas
  5 bats
  2 frilled lizards (D:1)
  8 rats
92 creatures vanquished.

Vanquished Creatures (collateral kills)
  Robin (D:2)
  A dart slug (D:3)
2 creatures vanquished.

Grand Total: 94 creatures vanquished

Notes
Turn   | Place    | Note
-------+----------+-------------------------------------------
     0 | D:1      | SacredBeard the Demonspawn Necromancer began the quest for
                  | the Orb.
     0 | D:1      | Reached XP level 1. HP: 13/13 MP: 3/3
   400 | D:1      | Discovered your monstrous ancestry.
   400 | D:1      | Gained mutation: You have a pair of small antennae on your
                  | head. [demonic ancestry]
   400 | D:1      | Reached XP level 2. HP: 20/20 MP: 3/5
  1060 | D:2      | Reached skill level 1 in Fighting
  1102 | D:2      | Noticed Natasha
  1106 | D:2      | Killed Natasha
  1107 | D:2      | Gained mutation: You have a pair of antennae on your head.
                  | [demonic ancestry]
  1107 | D:2      | Reached XP level 3. HP: 20/26 MP: 3/6
  1308 | D:2      | Noticed Robin
  1355 | D:2      | Gained mutation: You are partially covered in sharp spines.
                  | [demonic ancestry]
  1355 | D:2      | Reached XP level 4. HP: 24/32 MP: 2/7
  1740 | D:2      | Noticed Natasha
  1749 | D:2      | Killed Natasha
  1750 | D:2      | Reached skill level 1 in Throwing
  1750 | D:2      | Reached skill level 1 in Armour
  1750 | D:2      | Reached skill level 5 in Necromancy
  1984 | D:2      | Killed Robin
  2185 | D:2      | Noticed Natasha
  2189 | D:2      | Killed Natasha
  2190 | D:2      | Reached XP level 5. HP: 33/38 MP: 3/8
  2786 | D:3      | You fall into a shaft and drop 3 floors!
  2920 | D:6      | Noticed a phantom
  2940 | D:6      | Killed a phantom
  2941 | D:6      | Reached XP level 6. HP: 20/46 MP: 8/10
  3078 | D:5      | Entered Level 5 of the Dungeon
  3292 | D:5      | Found a blossoming altar of Fedhas.
  3341 | D:5      | Found a transporter.
  3346 | D:5      | Noticed vvlvvlvvl's ghost (novice DsFi)
  3361 | D:5      | Found a transporter.
  3412 | D:5      | Identified the +0 leather armour "Hazy Vuenu" {-Tele rElec
                  | rPois Str+3}
  3415 | D:5      | Found a broken altar of Ashenzari.
  3481 | D:6      | Reached skill level 6 in Necromancy
  3578 | D:6      | Gained mutation: Your touch may inflict minor irresistible
                  | damage on your foes. [demonic ancestry]
  3578 | D:6      | Reached XP level 7. HP: 52/52 MP: 5/11
  3662 | D:6      | Reached skill level 7 in Necromancy
  4057 | D:6      | Found a shadowy altar of Dithmenos.
  4112 | D:6      | Reached skill level 1 in Summonings
  4175 | D:6      | Gained mutation: You are frail. (-10% HP) [potion of
                  | mutation]
  4175 | D:6      | Gained mutation: Your flesh is heat resistant. (rF+)
                  | [potion of mutation]
  4175 | D:6      | HP: 1/46 [poisoned by a gnoll]
  4176 | D:6      | Succumbed to a gnoll's poison

Illustrated notes

Levels and vault maps discovered:
D:1:      dpeg_arrival_radiant, layout_loops_ring, chequers_decorated_corner,
          minmay_tetromino_i2
D:2:      layout_loops_ring, uniq_robin, uniq_natasha
D:3:      kennysheep_big_flooded_room, layout_loops_ring, marbit_many_paths,
          minmay_misc_feat_tower, nicolae_half_adder, uniq_crazy_yiuf_cottage
D:5:      minmay_skewed_foursquare, layout_cave_pools, fedhas_altar_3,
          overflow_temple_1_default, gammafunk_ghost_stat_death,
          grunt_tough_drop
D:6:      layout_loops_ring, mainiacjoe_overflow_24_doors

Skill      XL: |  1  2  3  4  5  6  7 |
---------------+----------------------+-----
Dodging        | 2 |  2.0
Stealth        | 2 3 |  3.0
Fighting       | 1 2 3 |  3.0
Throwing       | 1 2 |  2.0
Armour         | 1 2 |  2.0
Necromancy     | 5 6 7 |  7.0
Spellcasting   | 3 4 |  4.7
Summonings     | 1 |  1.3

Action                     |  1- 3 |  4- 6 |  7- 9 || total
---------------------------+-------+-------+-------++-------
  Melee: Spear             |     9 |     6 |       ||    15
         Dagger            |       |    34 |     7 ||    41
         Punch             |       |     1 |       ||     1
         Touch             |       |       |     1 ||     1
  Throw: Stone             |       |       |     1 ||     1
   Cast: Necrotise         |    57 |   111 |    26 ||   194
    Use: Scroll            |       |     1 |     3 ||     4
         Potion            |       |       |     3 ||     3
 Armour: Leather armour    |     9 |     7 |     4 ||    20
  Dodge: Dodged            |     6 |    45 |     8 ||    59
